[Event "*** Titled Tuesday Blitz"]
[Site "Chess.com"]
[Date "2019.07.02"]
[Round "1"]
[White "ehrenfeld"]
[Black "HanSchut"]
[Result "1/2-1/2"]
[WhiteElo "2559"]
[BlackElo "2218"]
[TimeControl "180+2"]
[EndTime "13:08:18 PDT"]
[Termination "Game drawn by repetition"]

1. e4 c5 2. Nf3 d6 3. Bc4 e6 4. O-O Nf6 5. Re1 Be7 6. Bb3 d5 7. e5 Nfd7 8. c3 c4 9. Bc2 Nc6 10. d4 cxd3 11. Qxd3 Qc7 12. Bf4 h6 13. h4 g5 14. hxg5 hxg5 15. Nxg5 Ndxe5 16. Qg3 Rg8 17. Nxe6 Bxe6 18. Qxg8+ Kd7 19. Qg7 Nf3+ 20. gxf3 Qxf4 21. Qg3 Qf6 22. Nd2 Rh8 23. Kf1 Rh3 24. Qg2 Bd6 25. Rxe6 Qxe6 26. Re1 Qh6 27. Bf5+ Kc7 28. Qxh3 Qxd2 29. Bc8 Ne5 30. Rxe5 Bxe5 31. Qd7+ Kb6 32. Qxb7+ Kc5 33. Qb4+ Kc6 34. Bb7+ Kc7 35. Qb5 Qc1+ 36. Kg2 Qg5+ 37. Kf1 Qc1+ 38. Ke2 Qc2+ 39. Ke3 Qc1+ 40. Ke2 Qc2+ 41. Kf1 Qc1+ 1/2-1/2

[Event "*** Titled Tuesday Blitz"]
[Site "Chess.com"]
[Date "2019.07.02"]
[Round "1"]
[White "XiaoKangZhong"]
[Black "x-3738459472"]
[Result "0-1"]
[WhiteElo "2249"]
[BlackElo "2608"]
[TimeControl "180+2"]
[EndTime "13:08:19 PDT"]
[Termination "x-3738459472 won by checkmate"]

1. e4 c5 2. Nf3 Nc6 3. Bb5 d6 4. O-O Bd7 5. Re1 Nf6 6. Bf1 g6 7. c3 Bg7 8. d4 O-O 9. d5 Nb8 10. a4 e5 11. Nbd2 Ne8 12. Nc4 h6 13. Qb3 b6 14. Ncd2 f5 15. a5 bxa5 16. Qb7 Qb6 17.
Qxa8 Nc7 18. Nc4 Nxa8 19. Nxb6 axb6 20. Nd2 Bf6 21. Nc4 Be7 22. Bxh6 Rc8 23. Bd2 a4 24. Na3 fxe4 25. c4 Na6 26. Nb5 N6c7 27. Rxa4 Nxb5 28. cxb5 Nc7 29. Ra7 Kf8 30. Rxe4 Bf5 31. Rea4 Nxd5 32. Bc4 Nc7 33. Rb7 d5 34. Bf1 c4 35. Rxb6 Bd7 36.
Ra7 Bc5 37. Rbb7 Bxa7 38. Rxa7 Bxb5 39. Rb7 Ke7 40. Ba5 Kd7 41. Bxc7 Bc6 42. Rb8 Rxc7 43.
Rg8 Rb7 44. Rxg6 Rxb2 45. Rg7+ Kd6 46. h4 c3 47. Bd3 e4 48. Rg6+ Kc5 49. Bc2 Rxc2 50.
h5 Ra2 51. h6 c2 52. Kh2 c1=Q 53. h7 Qf4+ 54. Kh3 Bd7+ 55. g4 Rxf2 56. Rc6+ Bxc6 57. h8=Q Rh2# 0-1

[Event "*** Titled Tuesday Blitz"]
[Site "Chess.com"]
[Date "2019.07.02"]
[Round "1"]
[White "GeorgeTen"]
[Black "shnitez"]
[Result "1-0"]
[WhiteElo "2257"]
[BlackElo "2554"]
[TimeControl "180+2"]
[EndTime "13:08:20 PDT"]
[Termination "GeorgeTen won on time"]

1. d4 Nf6 2. Nf3 c5 3. d5 b5 4.
c4 bxc4 5. Nc3 d6 6. e4 Ba6 7. Qa4+ Qd7 8. Qa5 e6 9. Bg5 Be7 10. Bf4 O-O 11. Be2 exd5 12. exd5 Qd8 13. Qa4 Nfd7 14.
O-O Nb6 15. Qc2 N8d7 16. Rfe1 Re8 17. Qf5 Nf6 18. Rad1 Qd7 19. Qc2 Bf8 20. h3 h6 21.
Bg3 Bb7 22. Nd2 Nfxd5 23. Nxc4 Nxc4 24. Bxc4 Nb6 25. Bd3 d5 26. Bf5 Qc6 27. f3 g6 28.
Bd3 c4 29. Bf1 d4 30. Ne4 Bg7 31. Qc1 Rad8 32. Bf2 f5 33. Ng3 Kh7 34. Rxe8 1-0

[Event "*** Titled Tuesday Blitz"]
[Site "Chess.com"]
[Date "2019.07.02"]
[Round "1"]
[White "AlexanderKing"]
[Black "silverback96"]
[Result "1-0"]
[WhiteElo "2527"]
[BlackElo "2122"]
[TimeControl "180+2"]
[EndTime "13:08:22 PDT"]
[Termination "AlexanderKing won by resignation"]

1. d4 Nf6 2. c4 c5 3. d5 e6 4. Nc3 exd5 5. cxd5 d6 6. e4 g6 7. Bd3 Bg7 8. h3 Nbd7 9. Nf3 Nh5 10. g4 Nhf6 11. Bf4 Qe7 12. Nb5 Nxe4 13. Qe2 Ndf6 14. g5 Nxd5 15. Bh2 Bd7 16. Qxe4 Qxe4+ 17.
Bxe4 Bxb5 18. Bxd5 Bxb2 19. Rb1 Bc3+ 20. Kd1 Ba4+ 21.
Kc1 O-O 22. Rxb7 Rae8 23. Bxd6 Re2 24. Bxf8 Kxf8 25. Bb3 Bc6 26. Rxf7+ Ke8 27. Rd1 c4 28. Bxc4 Rxf2 29. Ne5 Bb2+ 30. Kb1 Be4+ 31. Nd3 Bxd3+ 32. Rxd3 Be5 33. Rxf2 1-0

[Event "*** Titled Tuesday Blitz"]
[Site "Chess.com"]
[Date "2019.07.02"]
[Round "1"]
[White "zurzan"]
[Black "evgenyermolaev"]
[Result "1/2-1/2"]
[WhiteElo "1935"]
[BlackElo "2487"]
[TimeControl "180+2"]
[EndTime "13:08:25 PDT"]
[Termination "Game drawn - insufficient material"]

1. e4 c5 2. Nf3 d6 3. Nc3 Nf6 4.
d4 cxd4 5. Nxd4 a6 6. a4 e5 7. Nf3 Be7 8. Be2 O-O 9. O-O Be6 10. h3 Nc6 11. Be3 Rc8 12. Qd2 Qc7 13. Rfd1 Rfd8 14. Qe1 Nb4 15. Rac1 d5 16. exd5 Nbxd5 17. Nxd5 Nxd5 18.
Bd2 Qb6 19. b3 Ba3 20. Ba5 Qd6 21. Bxd8 Bxc1 22. Rxc1 Rxd8 23. Rd1 Qc7 24. c4 Nf4 25. Rxd8+ Qxd8 26. Bf1 f6 27. Nxe5 fxe5 28. Qxe5 Qf6 29. Qb8+ Kf7 30. Qxb7+ Kg6 31. Qf3 Nxh3+ 32. Kh2 Qxf3 33.
gxf3 Nxf2 34. b4 Nd1 35. b5 axb5 36. cxb5 Ne3 37. Bd3+ Kf6 38. Bxh7 Nc4 39. Be4 Bd7 40. a5 Nxa5 41. b6 Bc8 42. Kg3 Bb7 43. Kf4 g5+ 44.
Kg4 Bc8+ 45. Kg3 Nb7 46. f4 gxf4+ 47. Kxf4 Nc5 48. b7 Bxb7 49. Bxb7 1/2-1/2

[Event "*** Titled Tuesday Blitz"]
[Site "Chess.com"]
[Date "2019.07.02"]
[Round "1"]
[White "Oleg_Papayan"]
[Black "MikeSailer"]
[Result "1-0"]
[WhiteElo "2509"]
[BlackElo "2069"]
[TimeControl "180+2"]
[EndTime "13:08:27 PDT"]
[Termination "Oleg_Papayan won by checkmate"]

1. e4 d5 2. exd5 Qxd5 3. Nc3 Qd6 4. Nf3 Nf6 5. d4 c6 6. Bc4 Bg4 7. Be3 e6 8. h3 Bh5 9. g4 Bg6 10. Ne5 Nbd7 11. Bf4 Qb4 12. a3 Qa5 13. Qe2 Nxe5 14. Bxe5 Ne4 15. O-O Nxc3 16. bxc3 Qxc3 17. d5 Qxc2 18.
dxc6 Qxe2 19. Bxe2 bxc6 20. Bf3 Rc8 21. Rac1 c5 22. Bb7 Rd8 23. Bc6+ Ke7 24. Rxc5 f6 25. Bg3 Kf7 26. Ra5 Bd3 27. Rxa7+ Kg6 28. Rd1 Bc5 29.
Ra5 Bb6 30. Ra4 Bc2 31. Rxd8 Rxd8 32. Rb4 Rd1+ 33. Kg2 Bd8 34. Bf3 Rb1 35. Rc4 Bd3 36. Rc3 Bf1+ 37. Kh2 Kf7 38. Rc8 Be7 39. Rc7 Kf8 40.
a4 Ra1 41. Bc6 Ra3 42. Rc8+ Kf7 43. Be8+ Kg8 44. Bb5+ Kf7 45. Bxf1 Rxa4 46. Bb5 Rb4 47. Be8+ Kf8 48. Bg6+ Bd8 49. Bd6+ Kg8 50. Rxd8# 1-0

[Event "*** Titled Tuesday Blitz"]
[Site "Chess.com"]
[Date "2019.07.02"]
[Round "1"]
[White "StephenDedalus83"]
[Black "LucaBrasi1968"]
[Result "1-0"]
[WhiteElo "2808"]
[BlackElo "2425"]
[TimeControl "180+2"]
[EndTime "13:08:29 PDT"]
[Termination "StephenDedalus83 won by resignation"]

1. e4 c6 2. d4 d5 3. e5 Bf5 4. h4 h5 5. Bd3 Bxd3 6. Qxd3 e6 7. Bg5 Be7 8. Nf3 Nh6 9. Nc3 Nf5 10. Ne2 Nd7 11.
Nf4 g6 12. c3 Rc8 13. g3 c5 14. O-O c4 15. Qe2 b5 16. a3 Kf8 17. Bxe7+ Qxe7 18. Ng5 Kg7 19. Kg2 Nf8 20. Rh1 Nh7 21. Nf3 a5 22. Rhb1 Rc6 23. b4 cxb3 24. Rxb3 Rhc8 25. Qxb5 Rxc3 26. Rxc3 Rxc3 27. Qxa5 Rb3 28. a4 Qb7 29.
Qd2 Rb2 30. Qd3 Rb3 31. Qd1 Rb2 32. Ra3 Qb4 33. Qd3 Qa5 34. Ne2 Nf8 35. Qc3 Qxc3 36. Nxc3 Nd7 37. a5 Rb8 38. a6 Ra8 39. a7 Nb6 40.
Nb5 Nc8 41. Nd2 Nfe7 42. Ra6 Kf8 43. Nb3 Nf5 44. Na5 Ke8 45. Nc7+ 1-0

[Event "*** Titled Tuesday Blitz"]
[Site "Chess.com"]
[Date "2019.07.02"]
[Round "1"]
[White "enriquetejedor"]
[Black "GremioPrudente"]
[Result "1-0"]
[WhiteElo "2571"]
[BlackElo "2214"]
[TimeControl "180+2"]
[EndTime "13:08:29 PDT"]
[Termination "enriquetejedor won by checkmate"]

1. e4 e6 2. d4 d5 3. Nc3 Nf6 4. Bg5 Be7 5. e5 Nfd7 6. Bxe7 Qxe7 7. Nb5 Nb6 8. c3 a6 9. Na3 c5 10. f4 Nc6 11. Nf3 O-O 12. Bd3 cxd4 13. Bxh7+ Kxh7 14. Ng5+ Kg6 15. Qd3+ f5 16. Qh3 Nxe5 17. Qh7+ Kf6 18.
fxe5+ Kxg5 19. O-O Rf6 20. exf6 Qxf6 21. Rf3 dxc3 22. Raf1 Qd4+ 23. Kh1 Kf6 24. bxc3 Qd2 25. Rg3 Qh6 26. Qxh6+ gxh6 27. Rb1 Nc4 28. Nxc4 dxc4 29. Rb6 Rb8 30. Rg8 Kf7 31. Rh8 Kg7 32. Rd8 Kf7 33.
Kg1 Ke7 34. Rh8 Kd7 35. Rh7+ Kd8 36. Kf2 Bd7 37. Rd6 Ke8 38. Rdxd7 b5 39. Ra7 b4 40. Rh8# 1-0

[Event "*** Titled Tuesday Blitz"]
[Site "Chess.com"]
[Date "2019.07.02"]
[Round "1"]
[White "stoleriu"]
[Black "King_of_the_wing"]
[Result "1-0"]
[WhiteElo "2542"]
[BlackElo "2158"]
[TimeControl "180+2"]
[EndTime "13:08:30 PDT"]
[Termination "stoleriu won by resignation"]

1. e4 c5 2. Nc3 e6 3. Nf3 Nc6 4. d4 cxd4 5. Nxd4 Bb4 6. Nxc6 bxc6 7. Bd3 Ne7 8. Qg4 O-O 9. O-O Bxc3 10. bxc3 d5 11.
e5 Ng6 12. Qg3 f5 13. Ba3 Rf7 14. f4 Qb6+ 15. Kh1 c5 16. Qf2 Rc7 17. Bc1 Ba6 18. Be3 Bxd3 19. cxd3 Rb8 20. h3 h6 21. Rfb1 Qxb1+ 22. Rxb1 Rxb1+ 23. Kh2 Rcb7 24. Bxc5 R1b2 25. Qg3 Kh7 26. h4 Rxa2 27. h5 Nh8 28. Bf8 Rf7 29. Bd6 Rb7 30. c4 dxc4 31. dxc4 Rbb2 32. c5 Rc2 33. Qf3 a5 34. c6 a4 35. c7 Rab2 36. Qa8 a3 37. c8=Q Rxc8 38. Qxc8 a2 39. Qa8 1-0

[Event "*** Titled Tuesday Blitz"]
[Site "Chess.com"]
[Date "2019.07.02"]
[Round "1"]
[White "PlotnikovPavel"]
[Black "wnstop"]
[Result "0-1"]
[WhiteElo "2321"]
[BlackElo "2666"]
[TimeControl "180+2"]
[EndTime "13:08:32 PDT"]
[Termination "wnstop won by resignation"]

1. d4 Nf6 2. Nf3 e6 3. e3 d5 4. Be2 c5 5. O-O Nc6 6. c3 Bd6 7. a3 O-O 8. dxc5 Bxc5 9. b4 Bd6 10. Bb2 Ne5 11. Nxe5 Bxe5 12. Qb3 Qc7 13. g3 Bd7 14. Nd2 b5 15. Nf3 Bd6 16. Rfd1 a5 17. Rac1 Ne4 18. Nd2 f5 19. Nf3 Be7 20. Nd4 Nd6 21.
Rc2 Bf6 22. Bc1 g6 23. bxa5 Rxa5 24. h4 Rfa8 25. h5 Nc4 26. hxg6 hxg6 27. Bf3 Kg7 28. Kg2 g5 29. g4 fxg4 30. Bxg4 Rh8 31. Nxe6+ Bxe6 32. Bxe6 Qh2+ 33. Kf1 Qh1+ 34. Ke2 Qh5+ 35. f3 Qh2+ 36. Kd3 Qh7+ 37. e4 dxe4+ 38. fxe4 Rd8+ 39. Bd5 Rxd5+ 40. Ke2 Qh2+ 41. Kf3 Qh3+ 42. Ke2 Qg4+ 43. Kf2 Rxd1 0-1

[Event "*** Titled Tuesday Blitz"]
[Site "Chess.com"]
[Date "2019.07.02"]
[Round "1"]
[White "vovachesss"]
[Black "JozefKneht"]
[Result "0-1"]
[WhiteElo "2670"]
[BlackElo "2349"]
[TimeControl "180+2"]
[EndTime "13:08:37 PDT"]
[Termination "JozefKneht won by resignation"]

1. e4 e5 2. Nf3 Nc6 3. d4 exd4 4. Nxd4 Bc5 5. Nxc6 Qf6 6. Qf3 Qxf3 7. gxf3 bxc6 8. Nc3 Bb4 9. Be3 d6 10. O-O-O Ne7 11.
Rg1 Rg8 12. Bd4 g6 13. a3 Ba5 14. Bc4 Bb6 15. Ne2 Be6 16. Ba6 f5 17. Nf4 Bd7 18. Rge1 fxe4 19. fxe4 Rf8 20. Be3 Bg4 21. Rd3 Bxe3+ 22.
fxe3 g5 23. Ne2 Rb8 24. Nc3 Be6 25. Rg1 Rb6 26. Rxg5 Rxa6 27. Rd4 Rf7 28. Ne2 Ng6 29. Kd2 c5 30. Rd3 Bc4 31. Rc3 Bxe2 32. Kxe2 Rb6 33. b3 Ke7 34. Rd3 Ne5 35. Rd1 Rb8 36. Rf5 Rbf8 37. Rdf1 Rxf5 38. exf5 Rg8 39. Rf2 Kf6 40.
e4 a5 41. Rf4 Rg4 42. Ke3 Rxf4 43. Kxf4 Nc6 44. c3 Ne5 45. h3 h6 46. h4 Nc6 47.
Kg4 Ne5+ 48. Kf4 h5 49. Ke3 Nd7 50. Kf4 Nb6 51. a4 c6 52. c4 Nd7 53. Kf3 Ke5 54. Ke3 Nf6 55. Kf3 Nxe4 56. f6 Nxf6 0-1

[Event "*** Titled Tuesday Blitz"]
[Site "Chess.com"]
[Date "2019.07.02"]
[Round "1"]
[White "LoydBlankenship"]
[Black "wonderfultime"]
[Result "0-1"]
[WhiteElo "2453"]
[BlackElo "2912"]
[TimeControl "180+2"]
[EndTime "13:08:39 PDT"]
[Termination "wonderfultime won by resignation"]

1. e4 c5 2. Nf3 Nf6 3. Nc3 d5 4.
exd5 Nxd5 5. Bb5+ Bd7 6. Bxd7+ Qxd7 7. Nxd5 Qxd5 8. O-O Nc6 9. d3 g6 10. Qe2 Bg7 11.
c3 O-O 12. Be3 Rad8 13. Rfd1 e5 14. h4 h6 15. a4 Rfe8 16. Qc2 b6 17. Rab1 Re7 18.
b4 cxb4 19. cxb4 Red7 20. b5 Ne7 21. d4 e4 22. Nd2 f5 23. Nb3 Qe6 24. a5 Nd5 25.
axb6 axb6 26. Qd2 Kh7 27. Rdc1 Rd6 28. Bf4 Nxf4 29. Qxf4 R8d7 30. Kh2 Bf6 31. g3 g5 32. hxg5 hxg5 33. Qe3 Kg6 34. Kg2 Rh7 35. Rh1 Rdd7 36. f4 Rxh1 37. Rxh1 Ra7 38. fxg5 Ra2+ 39. Nd2 Bxg5 0-1

[Event "*** Titled Tuesday Blitz"]
[Site "Chess.com"]
[Date "2019.07.02"]
[Round "1"]
[White "BillieKimbah"]
[Black "pedromartinez91"]
[Result "0-1"]
[WhiteElo "2758"]
[BlackElo "2428"]
[TimeControl "180+2"]
[EndTime "13:08:39 PDT"]
[Termination "pedromartinez91 won by resignation"]

1. c4 Nf6 2. Nc3 e6 3. d4 d5 4.
cxd5 exd5 5. Bg5 c6 6. e3 Bf5 7. Qf3 Bg6 8. Bxf6 Qxf6 9. Qxf6 gxf6 10. Nf3 Nd7 11. Nh4 Nb6 12. g3 Bb4 13. Kd2 O-O-O 14. a3 Bxc3+ 15. Kxc3 Rhe8 16. a4 a5 17. Bh3+ Kc7 18.
b3 Be4 19. Rhe1 Re7 20. Bf5 Bxf5 21. Nxf5 Ree8 22. Kd3 Nc8 23. f3 Nd6 24. Nh4 f5 25. Ra2 Re6 26. Rg2 Rg8 27. Rc2 Kd7 28. Ng2 Rh6 29.
Nf4 Ne8 30. Rb1 Nc7 31. b4 axb4 32. Rxb4 Rb8 33. Rcb2 Kc8 34. a5 Rd6 35. h3 Nb5 36.
g4 Ra8 37. Rxb5 cxb5 38. Rxb5 fxg4 39. hxg4 Rda6 40. Nxd5 Rxa5 41. Nb6+ Kb8 42. Rb1 Ra3+ 43. Ke4 R8a6 44. Nd7+ Kc7 45. Nc5 Rb6 46. Rh1 h6 47. Rh5 Rf6 48. f4 b6 49. Nd3 Re6+ 50. Ne5 b5 51. f5 Re7 52. Rxh6 b4 53. Rc6+ Kb7 54.
Rc4 b3 55. g5 Ka6 56. Rc3 Rb7 57. f6 Ra1 58. g6 b2 59. Rc6+ Ka7 0-1

[Event "*** Titled Tuesday Blitz"]
[Site "Chess.com"]
[Date "2019.07.02"]
[Round "1"]
[White "Alex_Terzi"]
[Black "Tjktiger"]
[Result "0-1"]
[WhiteElo "2447"]
[BlackElo "2867"]
[TimeControl "180+2"]
[EndTime "13:08:41 PDT"]
[Termination "Tjktiger won by resignation"]

1. d4 Nf6 2. Bf4 c5 3. c3 Qb6 4. b3 cxd4 5. Qxd4 Qxd4 6. cxd4 Nc6 7. Nf3 d5 8. Nc3 Bf5 9. O-O-O e6 10. Kb2 Bb4 11.
Nb5 Ne4 12. Bg3 Rc8 13. a3 Be7 14. Rc1 Kd7 15. e3 f6 16. Be2 g5 17. h4 g4 18.
Ne1 Nxg3 19. fxg3 a6 20. Nc3 Bd6 21. Nd3 Bxg3 22. Nc5+ Kc7 23. Rhf1 Rcd8 24. h5 Rhe8 25. N3a4 Bh4 26. Nd3 Bxd3 27. Bxd3 f5 28. Nc5 Bg5 29. Rce1 Rd6 30. b4 Kb8 31. b5 axb5 32. Bxb5 Rc8 33. Re2 Bf6 34. Ka2 Bxd4 35. exd4 Nxd4 36. Nd7+ Ka7 37.
Rb2 Nxb5 38. Rxb5 Rxd7 39. Re1 Rc6 40. Kb3 d4 41. Re2 Rc3+ 42. Kb2 Re3 43. Rxe3 dxe3 44.
Re5 Rd2+ 45. Kb3 Rxg2 46. Rxe3 Rh2 47. Rxe6 Rxh5 48. Kc2 g3 49. Re1 g2 50. Rg1 Rg5 51. Kd3 h5 52. Ke2 h4 53. Kf3 h3 0-1

[Event "*** Titled Tuesday Blitz"]
[Site "Chess.com"]
[Date "2019.07.02"]
[Round "1"]
[White "MITerryble"]
[Black "varacalli"]
[Result "1-0"]
[WhiteElo "2806"]
[BlackElo "2420"]
[TimeControl "180+2"]
[EndTime "13:08:41 PDT"]
[Termination "MITerryble won by resignation"]

1. d4 Nf6 2. Bg5 e6 3. e4 h6 4.
Bxf6 Qxf6 5. c3 d6 6. Bd3 g6 7.
Ne2 Bg7 8. O-O Nd7 9. f4 Qe7 10.
Nd2 e5 11. Nf3 O-O 12. Qd2 Kh7 13. Rae1 b6 14. Bb5 a6 15. Bc6 Rb8 16. a4 Bb7 17. Bxb7 Rxb7 18. f5 Nf6 19. Ng3 Rbb8 20. d5 b5 21. a5 Rbc8 22. h4 c6 23. h5 g5 24.
Qd3 c5 25. Nh2 Nd7 26. f6 Nxf6 27. Nf5 Qd7 28. Qf3 Ng8 29. Ng4 f6 30. Re2 Rf7 31.
Ref2 Rcf8 32. b4 c4 33. Qe3 Ne7 34. Qb6 Nxf5 35. Rxf5 Qa7 36. Nxf6+ Bxf6 37. Qxa7 Rxa7 38. Rxf6 Rxf6 39. Rxf6 Rd7 40. Kf2 Kg7 41. Rg6+ Kh7 42.
Ke3 Rd8 43. Re6 Rd7 44. g3 Kg7 45. Kf3 Rf7+ 46. Kg4 Rf6 47. Re7+ Rf7 48. Rxf7+ Kxf7 49. Kf5 Ke7 50. Kg6 g4 51. Kxh6 Kf6 52. Kh7 Kf7 53. h6 Kf6 54. Kg8 Kg5 55. h7 Kg6 56. h8=Q Kg5 57.
Qh4+ 1-0

[Event "*** Titled Tuesday Blitz"]
[Site "Chess.com"]
[Date "2019.07.02"]
[Round "1"]
[White "DenisQ"]
[Black "Everyfishknows"]
[Result "1-0"]
[WhiteElo "2612"]
[BlackElo "2274"]
[TimeControl "180+2"]
[EndTime "13:08:41 PDT"]
[Termination "DenisQ won by resignation"]

1. Nf3 Nf6 2. g3 g6 3. Bg2 Bg7 4. O-O O-O 5. c4 d6 6. Nc3 Nc6 7. d3 e5 8. Rb1 a5 9. Bg5 h6 10.
Bxf6 Bxf6 11. a3 Re8 12. b4 axb4 13. axb4 Bg7 14. b5 Ne7 15. Nd2 e4 16. Qc2 exd3 17. exd3 Nf5 18. Nb3 Nd4 19. Nxd4 Bxd4 20. Rfe1 Ra7 21.
Nd5 Rxe1+ 22. Rxe1 Kg7 23. h4 Bf5 24. Qe2 Ra3 25.
Be4 Be6 26. Nf4 Bc8 27. Qf3 Ra2 28. Re2 Rxe2 29. Nxe2 Bb6 30. Bxb7 Bxb7 31. Qxb7 Qf6 32.
Nf4 Qd4 33. Qf3 Qf6 34. Kg2 Bc5 35. Nd5 Qxf3+ 36. Kxf3 Kf8 37. Nxc7 Ke7 38. Nd5+ Kd7 39. g4 Bd4 40. h5 gxh5 41. gxh5 Ke6 42. b6 Kd7 43.
Kg3 Kc6 44. Ne7+ Kxb6 45. Nf5 Be5+ 46. f4 Bc3 47. Nxh6 Kc5 48. Nxf7 Kd4 49. Nxd6 Kxd3 50. c5 Bb4 51. h6 Bxc5 52. h7 Bd4 53. Nf7 Ke4 54. Kg4 1-0

[Event "*** Titled Tuesday Blitz"]
[Site "Chess.com"]
[Date "2019.07.02"]
[Round "1"]
[White "TangyTacos"]
[Black "Th3ChessViking"]
[Result "1-0"]
[WhiteElo "1847"]
[BlackElo "2462"]
[TimeControl "180+2"]
[EndTime "13:08:41 PDT"]
[Termination "TangyTacos won by checkmate"]

1. d4 Nf6 2. c4 c5 3. d5 e6 4. Nc3 exd5 5. cxd5 d6 6. g3 g6 7. Bg2 Bg7 8. Nf3 O-O 9. O-O a6 10. a4 Re8 11. Bf4 Nh5 12. Bd2 Nd7 13. Re1 Rb8 14.
e4 b5 15. axb5 axb5 16. Qc2 b4 17. Nd1 Nb6 18. Ne3 Nf6 19. Nc4 Nxc4 20. Qxc4 Bg4 21. Bg5 h6 22. Bf4 Bxf3 23. Bxf3 g5 24. Be3 Nd7 25. Bg2 Bxb2 26. Ra7 Bg7 27. f4 b3 28. Rb1 b2 29. Bd2 Bd4+ 30. Kh1 Nf6 31. Bc3 Bxc3 32.
Qxc3 Nxe4 33. Bxe4 Rxe4 34. Rxb2 Rxb2 35. Qxb2 Re1+ 36.
Kg2 Qe8 37. Ra2 Qe4+ 38. Kf2 Qe3+ 39. Kg2 g4 40. Ra8+ Kh7 41. Qh8+ Kg6 42. Rg8+ Kf5 43. Qh7+ Kf6 44. Qxh6+ Ke7 45. Qg5+ Kd7 46. Qd8# 1-0

[Event "*** Titled Tuesday Blitz"]
[Site "Chess.com"]
[Date "2019.07.02"]
[Round "1"]
[White "doons21"]
[Black "VerdeNotte"]
[Result "0-1"]
[WhiteElo "2439"]
[BlackElo "2841"]
[TimeControl "180+2"]
[EndTime "13:08:43 PDT"]
[Termination "VerdeNotte won by resignation"]

1. e4 c5 2. c3 d5 3. exd5 Qxd5 4. d4 Nc6 5. Nf3 Bf5 6. Be3 cxd4 7. Nxd4 e6 8. Qa4 Nf6 9. Na3 Be7 10. Nab5 O-O 11.
Nc7 Qe4 12. Nxa8 Nd5 13. Qd1 Bh4 14. Qf3 Nxe3 15. Qxe4 Bxe4 16. g3 Nxd4 17. fxe3 Nc2+ 18. Kf2 Nxa1 19. Bg2 Bxg2 20. Kxg2 Bg5 21. Rxa1 Rxa8 22. Rd1 Rd8 23. Rxd8+ Bxd8 24. Kf3 f5 25. e4 fxe4+ 26.
Kxe4 Kf7 27. c4 Bc7 28. b4 g5 29. a4 h5 30. c5 a6 31. b5 axb5 32. axb5 Ke7 33.
Kd4 Kd7 34. Ke4 Bb8 35. Kd4 Bxg3 36. hxg3 h4 37. gxh4 gxh4 38. Ke4 e5 39. Kf3 Ke6 40. Kg4 Kd5 41. c6 bxc6 42. b6 Kd6 43. Kxh4 c5 44.
Kg4 Kc6 45. b7 Kxb7 46. Kf5 c4 0-1

[Event "*** Titled Tuesday Blitz"]
[Site "Chess.com"]
[Date "2019.07.02"]
[Round "1"]
[White "IngOscarArdila"]
[Black "Philosopherrr"]
[Result "0-1"]
[WhiteElo "2061"]
[BlackElo "2507"]
[TimeControl "180+2"]
[EndTime "13:08:43 PDT"]
[Termination "Philosopherrr won by resignation"]

1. d4 Nf6 2. c4 e6 3. Nc3 Bb4 4. Qc2 O-O 5. a3 Bxc3+ 6. Qxc3 d6 7. Nf3 b6 8. e3 Bb7 9. Bd3 Ne4 10. Qc2 f5 11.
O-O Nd7 12. Nd2 Nxd2 13. Bxd2 Nf6 14. f3 Kh8 15. e4 fxe4 16. fxe4 e5 17. d5 a5 18. Bg5 h6 19. Bh4 g5 20. Bg3 Kg7 21. Be2 Qe8 22. Rf2 Qg6 23. Rf5 Bc8 24. Raf1 Bxf5 25.
exf5 Qf7 26. h4 gxh4 27. Bxh4 Kh7 28. Qd3 Rg8 29. Qh3 Rg7 30. Bxf6 Qxf6 31. Bh5 Rg5 32. Bg6+ Kg7 33. b4 axb4 34. axb4 Rf8 35. Rf3 e4 36. Re3 Qa1+ 37. Kh2 Qe5+ 38. Kg1 Ra8 39. Re1 Ra2 40. Rf1 Rgxg2+ 41. Qxg2 Rxg2+ 42. Kxg2 Kf6 43. Kf2 Qb2+ 44. Kg3 Qxb4 45. Rh1 Qd2 46. Rf1 e3 47. Bh5 e2 0-1

[Event "*** Titled Tuesday Blitz"]
[Site "Chess.com"]
[Date "2019.07.02"]
[Round "1"]
[White "DrMelekess"]
[Black "CarlssonLudvig"]
[Result "0-1"]
[WhiteElo "2688"]
[BlackElo "2371"]
[TimeControl "180+2"]
[EndTime "13:08:45 PDT"]
[Termination "CarlssonLudvig won by resignation"]

1. d4 Nf6 2. Nf3 g6 3. Nbd2 Bg7 4. e4 d6 5. c3 O-O 6. Be2 Nc6 7. O-O e5 8. dxe5 Nxe5 9. Nxe5 dxe5 10. Qc2 c6 11.
Nc4 Qc7 12. a4 a5 13. Be3 Be6 14. Bb6 Qb8 15. Bc5 Rd8 16. Nb6 Nd7 17. Nxa8 Nxc5 18. Nb6 Bb3 19. Qc1 Qa7 20. Nc4 Qa6 21. Qe3 Bxc4 22.
Rfd1 Rxd1+ 23. Rxd1 Bf8 24. Bg4 Nxa4 25. Rd8 Qb6 26. Qg5 Qxb2 27. h4 Qa3 28. h5 Nxc3 29. Bf3 Be2 30. h6 Bxf3 31. gxf3 Ne2+ 32. Kg2 Nf4+ 33.
Kg3 Ne6 34. Rxf8+ Qxf8 35. Qxe5 Qxh6 36. Qb8+ Qf8 37. Qxb7 Qd6+ 38. Kg2 Nf4+ 39. Kg3 Qe5 40. Qxc6 Kg7 41. Qa8 h5 42. Kh2 Qg5 0-1

[Event "*** Titled Tuesday Blitz"]
[Site "Chess.com"]
[Date "2019.07.02"]
[Round "1"]
[White "witcher8"]
[Black "Ali_rastbod"]
[Result "0-1"]
[WhiteElo "2397"]
[BlackElo "2757"]
[TimeControl "180+2"]
[EndTime "13:08:48 PDT"]
[Termination "Ali_rastbod won by resignation"]

1. e4 e6 2. d4 d5 3. Nc3 Nc6 4.
Nf3 Nf6 5. e5 Ne4 6. Bd3 Bb4 7.
Bd2 Nxd2 8. Qxd2 f6 9. exf6 Qxf6 10. O-O-O O-O 11. a3 Bd6 12. Ne2 e5 13. dxe5 Nxe5 14. Nxe5 Bxe5 15. c3 Qxf2 16. Rhf1 Qxf1 17. Rxf1 Rxf1+ 18. Kc2 c6 19. Qg5 Bf6 20. Qh5 g6 21. Bxg6 hxg6 22.
Qxg6+ Bg7 23. Qe8+ Rf8 24. Qh5 Bf5+ 25. Kb3 Rae8 26.
Nf4 Re4 27. g3 a5 28. a4 d4 29. cxd4 Rxd4 30. Qg5 b5 31. axb5 cxb5 32. Nh5 a4+ 33. Ka3 b4+ 34. Kxa4 Bc2+ 35. b3 Rf7 36.
Nxg7 Rxg7 37. Qf6 Rgd7 38. Qe6+ Kf8 39. Qf6+ Ke8 40. Qe5+ Kd8 41. Qb8+ Ke7 42. Qe5+ Kf7 43. h4 Be4 44. h5 Ra7+ 45. Kb5 Rd5+ 0-1

[Event "*** Titled Tuesday Blitz"]
[Site "Chess.com"]
[Date "2019.07.02"]
[Round "1"]
[White "swisspower96"]
[Black "MateSchmate"]
[Result "1-0"]
[WhiteElo "2699"]
[BlackElo "2349"]
[TimeControl "180+2"]
[EndTime "13:08:48 PDT"]
[Termination "swisspower96 won by resignation"]

1. d4 Nf6 2. c4 e6 3. Nf3 d5 4. g3 Be7 5. Bg2 O-O 6. O-O dxc4 7. Qc2 a6 8. a4 Bd7 9. Qxc4 Bc6 10. Bg5 Nbd7 11.
a5 Bd5 12. Qd3 c5 13. Nc3 cxd4 14. Nxd5 Nxd5 15. Bxe7 Qxe7 16. Nxd4 N7f6 17. Rfc1 Rfd8 18. Qb3 Rd7 19. Ra4 Rad8 20. e3 Rc7 21. Rac4 Rdc8 22. Ne2 g6 23. h3 Rxc4 24. Rxc4 Rxc4 25. Qxc4 Qc7 26. Qxc7 Nxc7 27. Bxb7 Nd7 28. b4 Ne5 29. Nd4 Nd3 30. Nc2 Kf8 31. Kf1 Ke7 32. Ke2 Nb2 33. Nd4 Nc4 34. Nb3 Nd6 35. Bc6 e5 36. Nc5 f5 37. f4 e4 38. Kd2 Nc4+ 39. Ke2 Nxa5 40.
bxa5 Kd6 41. Nxa6 Nxa6 42. Bb5 Nc5 43. Bc4 Kc6 44. Bg8 Nd7 45. Bxh7 Nf8 46. Bg8 Kb5 47. Kd2 Kxa5 48. Kc3 Kb5 49. Kd4 Kb4 50. Bf7 Kb5 51. g4 fxg4 52. hxg4 Kc6 53. Ke5 Kd7 54. Kf6 Kd6 55.
Bxg6 Ne6 56. Bxe4 Nc5 57. Bc2 Nd7+ 58. Kg7 Ke6 59. f5+ Ke5 60. g5 Nb6 61. f6 Nc4 62. f7 Nd6 63. f8=Q 1-0

[Event "*** Titled Tuesday Blitz"]
[Site "Chess.com"]
[Date "2019.07.02"]
[Round "1"]
[White "Caisachess"]
[Black "Fins0905"]
[Result "0-1"]
[WhiteElo "2384"]
[BlackElo "2745"]
[TimeControl "180+2"]
[EndTime "13:08:49 PDT"]
[Termination "Fins0905 won by resignation"]

1. e4 c5 2. c3 b6 3. d4 Bb7 4. Bd3 Nf6 5. Qe2 e6 6. Nf3 Be7 7. O-O d6 8. Re1 O-O 9. Nbd2 a6 10. Nf1 Nbd7 11. Ng3 Qc7 12. Bd2 b5 13. Rad1 Rac8 14. e5 dxe5 15. dxe5 Bxf3 16. gxf3 Nd5 17. Qe4 g6 18. Bh6 Rfe8 19. h4 Bf8 20. Bxf8 Rxf8 21. h5 f5 22. exf6 Rxf6 23. Bb1 Rcf8 24. Rxd5 exd5 25.
Qxd5+ R8f7 26. Re7 Nb6 27. Rxc7 Nxd5 28. Rxc5 Nf4 29.
hxg6 hxg6 30. Be4 Rd6 31. Rc8+ Kg7 32. Nf1 Rd1 33. Bc2 Rc1 34. Bb3 Re7 35. Rg8+ Kh6 36. Rf8 Kg5 37. Rxf4 Kxf4 38. Kg2 Re2 39. Ng3 Rxb2 40.
Ne4 g5 41. Bd5 Re1 42. Bb7 g4 43. Nc5 gxf3+ 44. Bxf3 Rd2 45. Nxa6 Rb1 46. Nb4 Rbb2 47. Nd5+ Ke5 48. Kg3 Rxd5 0-1